 Dungeon Crawl Stone Soup version 0.24-a0-170-gd8427f5 (webtiles) character file.

Game seed: 16827330369253106778

2556 emperorscorpion the Cleaver (level 9, -4/120 HPs)
             Began as a Minotaur Berserker on Mar 12, 2019.
             Was a Priest of Trog.
             Slain by a troll (5 damage)
             ... on level 11 of the Dungeon.
             The game lasted 00:10:30 (1374 turns).

emperorscorpion the Cleaver (Minotaur Berserker)    Turns: 1374, Time: 00:10:30

Health: -4/120     AC:  9    Str: 29    XL:     9   Next: 31%
Magic:  8/8        EV: 13    Int:  4    God:    Trog [***...]
Gold:   116        SH:  0    Dex: 11    Spells: 8/8 levels left

rFire    . . .     SeeInvis .   a - +3 war axe
rCold    . . .     Gourm    .   (no shield)
rNeg     . . .     Faith    .   d - +0 ring mail
rPois    .         Spirit   .   (helmet restricted)
rElec    .         Reflect  .   (no cloak)
rCorr    .         Harm     .   (no gloves)
MR       .....                  i - +2 pair of boots
Stlth    ..........             (no amulet)
HPRegen  0.30/turn              (no ring)
MPRegen  0.11/turn              (no ring)

@: berserking, very quick
A: retaliatory headbutt, horns 2
a: Berserk, Trog's Hand, Renounce Religion


You were on level 11 of the Dungeon.
You worshipped Trog.
Trog was most pleased with you.
You were hungry.

You visited 1 branch of the dungeon, and saw 12 of its levels.

You collected 116 gold pieces.

Inventory:

Hand Weapons
 a - a +3 war axe (weapon)
 b - a +2 flail of crushing
 h - a +0 hand axe
 n - a +1 war axe
Armour
 d - a +0 ring mail (worn)
 e - a +0 animal skin
 i - a +2 pair of boots (worn)
 o - a +0 chain mail
Wands
 j - a wand of paralysis (10)
 r - a wand of disintegration (14)
Potions
 f - a potion of curing
 g - 2 potions of heal wounds {unknown}
 k - a potion of agility {unknown}
 m - a potion of might {unknown}
 p - a potion of ambrosia {unknown}
Comestibles
 c - 5 rations
 l - 14 chunks of flesh


   Skills:
 + Level 7.7 Fighting
 + Level 11.2 Axes
 + Level 6.4 Armour
 + Level 5.3 Dodging
 + Level 0.5 Stealth


You had 8 spell levels left.
You didn't know any spells.
Your spell library was empty.

Dungeon Overview and Level Annotations

Branches:
Dungeon (12/15)               Orc (0/2) D:11
 Temple: D:4-7         Lair: D:8-11

Altars:
Fedhas
Qazlal


Innate Abilities, Weirdness & Mutations

You reflexively headbutt those who attack you in melee.
You have a pair of horns on your head.


Message History

You closely miss the ice beast. The ice beast hits you.
The ice beast freezes you! The brown ugly thing tail-slaps you.
* * * LOW HITPOINT WARNING * * *
You are splashed with acid!
* * * LOW HITPOINT WARNING * * *
Unknown command.
You slice the brown ugly thing!! You headbutt the brown ugly thing!
The brown ugly thing is almost dead.
You hit the ice beast.
You kill the ice beast!
Trog accepts your kill.
Your ring mail prevents you from hitting the troll.
The brown ugly thing tail-slaps you!
* * * LOW HITPOINT WARNING * * *
You are splashed with acid!
* * * LOW HITPOINT WARNING * * *
The troll bites you.
* * * LOW HITPOINT WARNING * * *
The troll claws you.
You die...

### #.. [5# F.#
###T### ##.@u..##
#..≈≈#..##
#..≈≈≈#.$.###+###.
....≈≈≈≈#..!........
≈≈≈≈≈≈≈≈≈#...>.......
≈≈≈≈≈≈≈≈≈#...$.......
≈≈≈≈≈≈≈≈≈#...........
≈≈≈≈≈≈≈≈≈#....>......
≈≈≈≈≈≈#....>......


You could see a brown ugly thing, a troll, a bullfrog and a quasit.

Vanquished Creatures
  A komodo dragon (D:12)
  A wyvern (D:12)
  3 yaks (D:10)
  2 orc warriors (D:8)
  An ice beast (D:11)
  A phantom (D:4)
  4 ogres
  2 centaurs
  A big kobold (D:10)
  A bullfrog (D:6)
  A scorpion (D:12)
  A wight (D:10)
  2 crimson imps (D:12)
  A quasit (D:4)
  2 orc priests
  A centaur skeleton (D:6)
  3 hounds
  7 orc wizards
  An iguana (D:9)
  A worker ant (D:10)
  3 gnolls (D:6)
  2 adders
  An adder skeleton (D:8)
  A worm (D:5)
  13 orcs
  A ball python (D:6)
  2 bats (D:3)
  A giant cockroach (D:8)
  A goblin (D:3)
  A hobgoblin (D:3)
  4 jackals
  5 kobolds
  2 quokkas
  2 frilled lizards (D:4)
  A rat (D:1)
77 creatures vanquished.

Notes
Turn   | Place    | Note
-------+----------+-------------------------------------------
     0 | D:1      | emperorscorpion the Minotaur Berserker began the quest for
                  | the Orb.
     0 | D:1      | Reached XP level 1. HP: 19/19 MP: 0/0
    79 | D:3      | Reached XP level 2. HP: 27/27 MP: 1/1
    80 | D:3      | Reached skill level 4 in Axes
   161 | D:4      | Reached XP level 3. HP: 28/34 MP: 2/2
   206 | D:4      | Reached skill level 5 in Fighting
   206 | D:4      | Reached XP level 4. HP: 27/42 MP: 3/3
   270 | D:4      | Reached ** piety under Trog
   331 | D:4      | Reached skill level 5 in Axes
   331 | D:4      | Reached XP level 5. HP: 48/48 MP: 4/4
   341 | D:4      | Noticed a phantom
   362 | D:4      | Killed a phantom
   362 | D:4      | Reached skill level 6 in Axes
   362 | D:4      | Reached XP level 6. HP: 22/56 MP: 5/5
   370 | D:5      | Entered Level 5 of the Dungeon
   758 | D:6      | Reached skill level 7 in Axes
   763 | D:6      | Reached XP level 7. HP: 54/62 MP: 6/6
   903 | D:6      | Reached skill level 8 in Axes
   949 | D:8      | Found a stormy altar of Qazlal.
   999 | D:8      | Reached XP level 8. HP: 53/70 MP: 7/7
  1000 | D:8      | Reached *** piety under Trog
  1001 | D:8      | Reached skill level 5 in Armour
  1008 | D:8      | Reached skill level 9 in Axes
  1049 | D:9      | Found a blossoming altar of Fedhas.
  1121 | D:10     | Entered Level 10 of the Dungeon
  1216 | D:10     | Reached skill level 10 in Axes
  1220 | D:10     | Reached skill level 5 in Dodging
  1261 | D:12     | Noticed a komodo dragon
  1266 | D:12     | Reached XP level 9. HP: 48/79 MP: 8/8
  1271 | D:12     | Killed a komodo dragon
  1271 | D:12     | Reached skill level 11 in Axes
  1356 | D:12     | Noticed a purple ugly thing
  1358 | D:12     | Noticed an ogre mage
  1360 | D:11     | Found a staircase to the Orcish Mines.
  1360 | D:11     | Noticed a brown ugly thing
  1360 | D:11     | Noticed a troll
  1374 | D:11     | HP: 6/120 [acid (10)]
  1374 | D:11     | HP: 1/120 [troll (5)]
  1374 | D:11     | Slain by a troll

Levels and vault maps discovered:
D:1:      minmay_arrival_three_doors, layout_basic
D:2:      layout_basic, nicolae_overflow_crystal_walls,
          chequers_ecumenical_altar_simple_redux, first_ration
D:3:      layout_loops_ring, yredelemnul_altar_generic
D:4:      layout_loops_ring, minmay_fountain_box
D:5:      kennysheep_kobold_camp, layout_loops_ring
D:6:      layout_basic
D:7:      layout_gridville, minmay_temple_entry_poolview
D:8:      layout_basic, nicolae_overflow_hidden_temple, enter_bailey_7
D:9:      hangedman_screamer, layout_gridville, overflow_temple_1_default,
          fedhas_bush_and_centaur_altar, lair_entry_dummy
D:10:     layout_loops_ring, serial_shops, nicolae_shop_crystal, uniq_maurice,
          uniq_josephine
D:11:     minmay_the_grid_octo_tiled_octocenter_mashed
          [minmay_the_grid_octo_checkered, minmay_the_grid_octo_clover,
          minmay_the_grid_octo_concentric, minmay_the_grid_octo_teeth,
          minmay_the_grid_octo_prize_single_spiral,
          minmay_the_grid_square_5x5_misaligned,
          minmay_the_grid_square_5x5_three, minmay_the_grid_square_5x5_mess,
          minmay_the_grid_square_5x5_broken_cross], layout_cross,
          grunt_ogre_cave
D:12:     layout_gridville

Skill      XL: |  1  2  3  4  5  6  7  8  9 |
---------------+----------------------------+-----
Fighting       | 4 5 6 7 |  7.7
Axes           | 4 5 6 7 8 10 11 | 11.2
Armour         | 3 4 6 |  6.4
Dodging        | 3 4 5 |  5.3
Stealth        | |  0.5

Action                   |  1- 3 |  4- 6 |  7- 9 || total
-------------------------+-------+-------+-------++-------
Melee: Hand axe          |    32 |     2 |       ||    34
       Headbutt          |     2 |    10 |    22 ||    34
       War axe           |       |    61 |    91 ||   152
Invok: Berserk           |     2 |     3 |     5 ||    10
Evoke: Wand              |       |       |     3 ||     3
  Use: Potion            |       |     1 |       ||     1
       Scroll            |       |     2 |     3 ||     5
  Eat: Chunk             |       |     4 |     6 ||    10
Armor: Ring mail         |    18 |    21 |    28 ||    67
Dodge: Dodged            |    34 |    35 |    49 ||   118

Table legend:
 A = Non-vault XP
 B = Vault XP
 C = Vault XP percentage of total XP
 D = Non-vault monster count
 E = Vault monster count
 F = Vault count percentage of total count
                 A         B        C        D         E       F
            +---------+---------+-------+---------+---------+-------
      Total |    3537 |     115 |   3.1 |      76 |       1 |   1.3
            +---------+---------+-------+---------+---------+-------
        D:1 |       1 |       0 |   0.0 |       1 |       0 |   0.0
        D:3 |      36 |       0 |   0.0 |      11 |       0 |   0.0
        D:4 |     381 |       0 |   0.0 |      14 |       0 |   0.0
        D:5 |      18 |       0 |   0.0 |       2 |       0 |   0.0
        D:6 |     669 |       0 |   0.0 |      16 |       0 |   0.0
        D:8 |     533 |       0 |   0.0 |      12 |       0 |   0.0
        D:9 |      39 |     115 |  74.7 |       1 |       1 |  50.0
       D:10 |     836 |       0 |   0.0 |      11 |       0 |   0.0
       D:11 |     132 |       0 |   0.0 |       1 |       0 |   0.0
       D:12 |     892 |       0 |   0.0 |       7 |       0 |   0.0
            +---------+---------+-------+---------+---------+-------
